 Dungeon Crawl Stone Soup version 0.31-a0-848-gaac375c287 (webtiles) character file.

Game seed: 8981807077506885124

129 ytrimaz the Insei (level 4, -1/48 HPs)
             Began as a Demonspawn Shapeshifter on Oct 4, 2023.
             Slain by Terence
             ... wielding a +2 heavy flail
              (6 damage)
             ... on level 3 of the Dungeon.
             The game lasted 00:02:26 (2024 turns).

ytrimaz the Insei (Demonspawn Shapeshifter)         Turns: 2024, Time: 00:02:27

Health: -1/48      AC: 22    Str: 20    XL:     4   Next: 88%
Magic:  4/4        EV:  2    Int: 12    God:
Gold:   92         SH:  0    Dex: 20    Spells: 3/3 levels left

rFire   . .          .
                       - Unarmed
rCold   . . .        (no shield)
rNeg    . . .        g - melded +2 leather armour {rN+}
rPois   +            (helmet currently unavailable)
rElec   .            (cloak currently unavailable)
rCorr   .            (gloves currently unavailable)
SInv    .            (boots currently unavailable)
Will    .....        (no amulet)
Stlth   ++           a - +6 ring of dexterity
HPRegen 0.28/turn    o - +6 ring of strength
MPRegen 0.09/turn

%: no passive effects
@: tree-form
A: stationary, stasis, torment immunity, boosted hp, (hooves 1), (sanguine
armour 1)
a: no special abilities


You were on level 3 of the Dungeon.
You were a tree.
You visited 1 branch of the dungeon, and saw 3 of its levels.

You collected 92 gold pieces.


Innate Abilities, Weirdness & Mutations

You are a tree.
Your roots penetrate the ground, keeping you stationary.
You cannot be teleported.
You are immune to unholy pain and torment.
Your maximum health is greatly increased.
Your equipment is partially melded.
((You have large cloven feet.))
((When seriously injured, your blood forms armour. (AC +0)))


   Skills:
 - Level 1.0 Fighting
 - Level 1.7 Dodging
 + Level 4.1 Unarmed Combat
 + Level 3.9 Shapeshifting


You had 3 spell levels left.
You didn't know any spells.
Your spell library contained the following spells:

 Spells                   Type           Power      Damage    Failure   Level
 Kiss of Death            Conj/Necr      0%         2d5       32%         1
 Confusing Touch          Hex            0%         N/A       69%         3
 Dispel Undead            Necr           0%         3d6       97%         4

Inventory:

Armour
 g - a +2 leather armour of positive energy (melded)
   (You found it on level 1 of the Dungeon)
 r - the +1 robe of Sophism {rElec Regen+}
   (You found it on level 3 of the Dungeon)

   rElec:     It insulates you from electricity.
   Regen+:    It increases your rate of health regeneration.
Jewellery
 a - a +6 ring of dexterity (left branch)
   (You found it on level 1 of the Dungeon)
 e - a ring of magical power
   (You found it on level 1 of the Dungeon)
 o - a +6 ring of strength (right branch)
   (You found it on level 2 of the Dungeon)
Talismans
 c - a beast talisman
 d - a flux talisman
Scrolls
 f - 2 scrolls of identify {unknown}
 h - 2 scrolls of teleportation {unknown}
 i - a scroll of poison {unknown}
 l - a scroll of silence {unknown}
 m - a scroll of acquirement {unknown}
Potions
 b - a potion of lignification
 j - a potion of mutation {unknown}
 k - 2 potions of heal wounds {unknown}
 n - a potion of curing {unknown}
 p - a potion of haste {unknown}
 q - a potion of might {unknown}

Dungeon Overview and Level Annotations

Branches:
Dungeon (3/15) Zot: 15984

Altars:

Annotations:
D:2 1 runed translucent door, Crazy Yiuf
D:3 Terence

.### .... ##########
#..##........#
#............#####
#....♣...........
#.#..@.......###.
..#####.............
#.....'...)........#
..#####.........#.##
######........#### #
#>......#####.#
#.............#
####.###...#######


You could see Terence.


Message History

Unknown command.
You hit the orc. The orc closely misses you.
You hit the orc.
You kill the orc!
The orc hits you with a +0 whip.
* * * LOW HITPOINT WARNING * * *
😨 HP[-1]
You take 1 damage, and now have 11/32 hp.
The orc barely misses you.
You see here a +0 long sword. 😨 HP[+1] Unknown command.
You punch the orc!
You kill the orc!
Things that are here:
a +0 whip; a +0 ring mail; an orc corpse Unknown command.
A goblin comes into view.
It is wielding a +3 heavy spear. 😨 HP[+1]
A goblin is nearby!
A goblin is nearby!
A goblin is nearby!
Unknown command.
The goblin shouts!
The goblin unwields a +3 heavy spear.
The goblin wields a +0 sling.
The goblin shoots a sling bullet.
The sling bullet closely misses you.
You are too injured to fight recklessly!
A goblin comes into view. It is wielding a +0 club.
The goblin shouts!
You are too injured to fight recklessly!
You are too injured to fight recklessly!
Unknown command.
You hit the goblin. You kick the goblin, but do no damage.
The goblin unwields a +0 sling.
The goblin wields a +3 heavy spear.
The goblin misses you. 😨 HP[+1]
You are too injured to fight recklessly!
You punch the goblin!
You kill the goblin!
The goblin completely misses you.
You are too injured to fight recklessly!
Items here: ! )) †.
You hit the goblin.
You kill the goblin!
Unknown command.
Things that are here:
a +3 heavy spear; a +0 sling; 😨 HP[+1] Unknown command.
Your blood armour dries and flakes away.
Key pressed, stopping explore.
p - a grey potion
Things that are here:
a +0 club; a +0 sling; a goblin corpse 😎 HP[+17]
Your hp is fully restored (32).
Found a stone staircase leading down.
You see here a +0 club.
Unknown command.
You now have 75 gold pieces (gained 14).
A dart slug comes into view.
A dart slug is nearby!
A dart slug is nearby!
A dart slug is nearby!
You see here a book of Touch.
The helpless dart slug fails to defend itself.
You punch the dart slug! You kick the dart slug.
You kill the dart slug!
No target in view!
No target in view!
You see here the +1 robe of Sophism {rElec Regen+}.
q - a bubbling brown potion You now have 92 gold pieces (gained 17).
You pick up a book of Touch and begin reading...
You add the spells Kiss of Death, Confusing Touch and Dispel Undead to your library.
You open the door.
Terence the Incautious comes into view.
He is wielding a +2 heavy flail.
Terence shouts!
You see here the +1 robe of Sophism {rElec Regen+}.
r - the +1 robe of Sophism {rElec Regen+} You hit Terence but do no damage.
You kick Terence. Terence hits you with a +2 heavy flail!
Your blood congeals into armour. 😮 HP[-15]
You take 15 damage, and now have 17/32 hp.
MASSIVE DAMAGE!! (PAUSE)
You punch Terence! Terence hits you with a +2 heavy flail!
* * * LOW HITPOINT WARNING * * *
😱 HP[-14]
You take 14 damage, and now have 3/32 hp.
MASSIVE DAMAGE!! (PAUSE)
You closely miss Terence.
Unknown command.
Unknown command.
Your transformation has ended.
You turn into a tree.
Your +2 leather armour of positive energy melds into your body.
You feel less protected from negative energy.
Your roots penetrate the ground.
Your blood armour dries and flakes away.
Terence hits you with a +2 heavy flail.
You die...

Skill      XL: |  1  2  3  4 |
---------------+-------------+-----
Unarmed Combat | 3 4 |  4.1
Shapeshifting  | 3 |  3.9
Fighting       | |  1.0
Dodging        | |  1.7

Action                     |  1- 3 |  4- 6 || total
---------------------------+-------+-------++-------
  Melee: Unarmed           |    89 |    37 ||   126
         Kick              |     7 |    11 ||    18
    Use: Potion            |       |     1 ||     1
   Stab: Sleeping          |     2 |     1 ||     3
 Armour: Animal skin       |     7 |       ||     7
         Leather armour    |    40 |    20 ||    60
         Skin              |       |     1 ||     1
  Dodge: Dodged            |    50 |    25 ||    75

Levels and vault maps discovered:
D:1:      evilmike_arrival_rings, layout_basic
D:2:      layout_loops_ring, uniq_crazy_yiuf_cottage
D:3:      minmay_general_purpose_star, layout_basic,
          hellmonk_ecumenical_altar_leap_of_faith, feat_on_display, uniq_terence

Notes
Turn   | Place    | Note
-------+----------+-------------------------------------------
     0 | D:1      | ytrimaz the Demonspawn Shapeshifter began the quest for the
                  | Orb.
     0 | D:1      | Reached XP level 1. HP: 15/15 MP: 1/1
     0 | D:1      | magus.rc [v1.9.6]
   316 | D:1      | Reached skill level 3 in Unarmed Combat
   316 | D:1      | Gained mutation: When seriously injured, your blood forms
                  | armour. (AC +0) [demonic ancestry]
   316 | D:1      | Reached XP level 2. HP: 21/21 MP: 2/2
   395 | D:1      | Reached skill level 3 in Shapeshifting
   741 | D:1      | Gained mutation: You have large cloven feet. [demonic
                  | ancestry]
   741 | D:1      | Reached XP level 3. HP: 26/26 MP: 3/3
  1068 | D:2      | Found a runed translucent door.
  1069 | D:2      | Noticed Crazy Yiuf
  1305 | D:2      | Reached XP level 4. HP: 22/32 MP: 4/4
  1884 | D:3      | Reached skill level 4 in Unarmed Combat
  2002 | D:3      | Identified the +1 robe of Sophism {rElec Regen+}
  2013 | D:3      | You pick up a book of Touch and begin reading...
  2013 | D:3      | You add the spells Kiss of Death, Confusing Touch and
                  | Dispel Undead to your library.
  2016 | D:3      | Noticed Terence
  2022 | D:3      | HP: 3/32 [Terence/+2 heavy flail (14)]
  2024 | D:3      | Slain by Terence

Vanquished Creatures
  2 orc wizards
  An adder (D:2)
  2 dart slugs
  6 orcs
  6 ball pythons
  4 bats
  2 endoplasms (D:1)
  7 goblins
  3 hobgoblins
  5 jackals
  7 kobolds
  5 quokkas
  3 frilled lizards
  2 rats (D:1)
55 creatures vanquished.

Table legend:
 A = Non-vault XP
 B = Vault XP
 C = Vault XP percentage of total XP
 D = Non-vault monster count
 E = Vault monster count
 F = Vault count percentage of total count
                 A         B        C        D         E       F
            +---------+---------+-------+---------+---------+-------
      Total |     185 |       0 |   0.0 |      55 |       0 |   0.0
            +---------+---------+-------+---------+---------+-------
        D:1 |      50 |       0 |   0.0 |      30 |       0 |   0.0
        D:2 |      79 |       0 |   0.0 |      17 |       0 |   0.0
        D:3 |      56 |       0 |   0.0 |       8 |       0 |   0.0
            +---------+---------+-------+---------+---------+-------

Skill      XL: |  1  2  3  4 |
---------------+-------------+-----
Unarmed Combat | 3 4 |  4.1
Shapeshifting  | 3 |  3.9
Fighting       | |  1.0
Dodging        | |  1.7

Action                     |  1- 3 |  4- 6 || total
---------------------------+-------+-------++-------
  Melee: Unarmed           |    89 |    37 ||   126
         Kick              |     7 |    11 ||    18
    Use: Potion            |       |     1 ||     1
   Stab: Sleeping          |     2 |     1 ||     3
 Armour: Animal skin       |     7 |       ||     7
         Leather armour    |    40 |    20 ||    60
         Skin              |       |     1 ||     1
  Dodge: Dodged            |    50 |    25 ||    75

Illustrated notes

Table legend:
 A = Kills in this place as a percentage of kills in the entire game.
 B = Kills by you in this place as a percentage of kills by you in the entire game.
 C = Kills by friends in this place as a percentage of kills by friends in the entire game.
 D = Other kills in this place as a percentage of other kills in the entire game.
 E = Experience gained in this place as a percentage of experience gained in the entire game.
 F = Experience gained in this place divided by the number of levels of this place that you have seen.
                   A       B       C       D       E      F
               +-------+-------+-------+-------+-------+----------------------
         Total | 100.0 | 100.0 |   N/A |   N/A | 100.0 |  61.7
       Dungeon | 100.0 | 100.0 |   N/A |   N/A | 100.0 |  61.7
               +-------+-------+-------+-------+-------+----------------------

Table legend: (Time is in decaauts)
 A = Elapsed time spent in this place.
 B = Non-inter-level travel time spent in this place.
 C = Inter-level travel time spent in this place.
 D = Time resting spent in this place.
 E = Time spent auto-exploring this place.
 F = Levels seen in this place.
 G = Mean time per level.
                   A        B        C        D        E       F      G
               +--------+--------+--------+--------+--------+-----+--------+
         Total |   2014 |   1950 |     64 |      0 |   1552 |   3 |  671.3 |
       Dungeon |   2014 |   1950 |     64 |      0 |   1552 |   3 |  671.3 |
               +--------+--------+--------+--------+--------+-----+--------+

Top non-repeatable levels by time:
     D:1: 1003 daAuts
     D:2: 867 daAuts
     D:3: 143 daAuts
